 Dungeon Crawl Stone Soup version 0.29.0-11-gd7f09526c8 (webtiles) character file.

Game seed: 6938945783919460121

85 browni3141 the Ruffian (level 4, -7/35 HPs)
             Began as a Ghoul Enchanter on Sept 5, 2022.
             Was a Follower of Okawaru.
             Mangled by a gnoll
             ... wielding a +1 flail of holy wrath
              (10 damage)
             ... on level 2 of the Dungeon.
             The game lasted 00:05:39 (2787 turns).

browni3141 the Ruffian (Ghoul Enchanter)            Turns: 2787, Time: 00:05:40

Health: -7/35      AC:  2    Str: 11    XL:     4   Next: 48%
Magic:  3/5        EV: 13    Int: 12    God:    Okawaru [*.....]
Gold:   82         SH:  0    Dex:  9    Spells: 4/6 levels left

rFire   . . .      SeeInvis .     - Unarmed
rCold   + . .      Faith    +   (no shield)
rNeg    + + +      Spirit   .   b - +0 robe
rPois   ∞          Reflect  .   (no helmet)
rElec   .          Harm     .   (no cloak)
rCorr   .          Rampage  .   (no gloves)
Will    .....                   (no boots)
Stlth   ++++......              H - amulet of faith {!P}
HPRegen 0.00/turn               (no ring)
MPRegen 0.09/turn               (no ring)

@: heroic, inhibited regen
A: claws 1, cold resistance 1, negative energy resistance 3, inhibited
regeneration, torment resistance 2, devour on kill
a: Renounce Religion, Heroism


You were on level 2 of the Dungeon.
You worshipped Okawaru.
Okawaru was aware of your devotion.
You visited 1 branch of the dungeon, and saw 2 of its levels.

You collected 82 gold pieces.


Innate Abilities, Weirdness & Mutations

You are immune to poison.
You have sharp fingernails.
Your flesh is cold resistant. (rC+)
You are immune to negative energy. (rN+++)
You do not regenerate when monsters are visible.
You are immune to unholy pain and torment.
You thrive by killing the living.


   Skills:
 * Level 1.2(6.2) Fighting
 - Level 0.8(5.8) Short Blades
 - Level 1.7(6.7) Dodging
 - Level 3.2(8.2) Stealth
 * Level 3.3(8.3) Unarmed Combat
 - Level 1.7 Spellcasting
 - Level 2.4 Hexes
 - Level 2.0 Ice Magic


You had 4 spell levels left.
You knew the following spells:

 Your Spells              Type           Power      Damage    Failure   Level
z - Ensorcelled Hibernat  Hex/Ice        12%        N/A       17%         2

Your spell library contained the following spells:

 Spells                   Type           Power      Damage    Failure   Level
 Confusing Touch          Hex            6%         N/A       30%         3
 Dazzling Flash           Conj/Hex       6%         N/A       45%         3
 Tukima's Dance           Hex            Unusable   N/A       N/A         3

Inventory:

Hand Weapons
 a - a +1 dagger
Missiles
 e - a poisoned dart (quivered) {@f3}
Armour
 b - a +0 robe (worn)
 d - a +0 ring mail
Magical Staves
 m - a staff of death
Jewellery
 H - an amulet of faith (around neck) {!P}
Wands
 i - a wand of polymorph (10)
Scrolls
 f - a scroll of butterflies {unknown}
 g - a scroll of brand weapon {unknown}
 k - 2 scrolls of identify {unknown}
 l - a scroll of poison {unknown}
 n - 2 scrolls of teleportation {unknown}
Potions
 c - a potion of invisibility
 h - a potion of curing {unknown}
 j - 2 potions of brilliance {unknown}

Dungeon Overview and Level Annotations

Branches:
Dungeon (2/15)

Altars:
Okawaru

Annotations:
D:2 1 runed translucent door, Crazy Yiuf

#..............#[###.#.#
#.....#.#.###...## ##..#
####...........## ##.##
#.........##.#.## ##....
#.#####...##.##.###.#.##
#.# #...##.###.#.#...#
#.# #......##.........
#.# #...#####....#...#
#.#####@..# #.#.##....
#......)g.# #.#......#
######....# #.####...#
####....#####.# ##...#
#......(....<.###.....
#.##..#.......##.....#
#. #....(.....(.......
#g ##.###(...###......
#g #...........^g)<..


You could see a gnoll.


Message History

The gnoll is poisoned.
You throw a poisoned dart {@f3}.
The poisoned dart {@f3} closely misses the gnoll.
The gnoll looks more healthy.
The gnoll closely misses you.
You scratch the gnoll.
The gnoll is moderately wounded.
The gnoll hits you with a +0 halberd!
You barely miss the gnoll. Your claw misses the gnoll.
The gnoll is moderately wounded.
The gnoll hits you with a +0 halberd.
* * * LOW HITPOINT WARNING * * *
The gnoll misses you.
You closely miss the gnoll.
The gnoll is moderately wounded.
Unknown command.
You closely miss the gnoll.
The gnoll is moderately wounded.
The gnoll closely misses you. The gnoll misses you.
Unknown command.
You scratch the gnoll.
The gnoll is heavily wounded.
The gnoll misses you. x2
Unknown command.
You claw the gnoll!
You kill the gnoll!
Okawaru accepts your kill.
The gnoll hits you with a +1 flail of holy wrath!
* * * LOW HITPOINT WARNING * * *
You convulse!
You die...

Skill      XL: |  1  2  3  4 |
---------------+-------------+-----
Unarmed Combat | 1 2 3 |  3.3
Ice Magic      | 1 2 |  2.0
Fighting       | 1 |  1.2
Short Blades   | |  0.8
Dodging        | |  1.7
Stealth        | |  3.2
Spellcasting   | |  1.7
Hexes          | |  2.4

Action                   |  1- 3 |  4- 6 || total
-------------------------+-------+-------++-------
Melee: Dagger            |    78 |       ||    78
       Punch             |     3 |       ||     3
       Unarmed           |    91 |    32 ||   123
Throw: Dart              |    13 |     3 ||    16
 Cast: Ensorcelled Hiber |     2 |       ||     2
Invok: Heroism           |       |     3 ||     3
  Use: Potion            |     1 |       ||     1
 Stab: Sleeping          |     4 |     1 ||     5
       Distracted        |     1 |       ||     1
       Invisible         |     1 |       ||     1
Armor: Ring mail         |    24 |       ||    24
       Robe              |    18 |     2 ||    20
Dodge: Dodged            |   109 |    22 ||   131

Levels and vault maps discovered:
D:1:      saegor_arrival_simple_e, layout_rooms,
          hellmonk_ecumenical_altar_crossroads, dreamdust_princess_corridor
D:2:      layout_loops_ring, st_stairs_2, uniq_crazy_yiuf_cottage

Notes
Turn   | Place    | Note
-------+----------+-------------------------------------------
     0 | D:1      | browni3141 the Ghoul Enchanter began the quest for the Orb.
     0 | D:1      | Reached XP level 1. HP: 14/14 MP: 2/2
   101 | D:1      | Reached skill level 1 in Unarmed Combat
   295 | D:1      | Reached XP level 2. HP: 5/20 MP: 3/3
   313 | D:1      | Reached skill level 2 in Unarmed Combat
   646 | D:1      | Learned a level 2 spell: Ensorcelled Hibernation
   780 | D:1      | Reached skill level 1 in Ice Magic
   965 | D:1      | Reached XP level 3. HP: 26/26 MP: 4/4
  1194 | D:1      | Found a faded altar of an unknown god.
  1208 | D:1      | Reached skill level 2 in Ice Magic
  1349 | D:1      | Prayed at the altar of an unknown god.
  1349 | D:1      | Became a worshipper of Warmaster Okawaru
  1349 | D:1      | Reached * piety under Okawaru
  1958 | D:2      | Reached skill level 3 in Unarmed Combat
  2025 | D:2      | Reached XP level 4. HP: 29/33 MP: 5/5
  2114 | D:2      | Found a runed translucent door.
  2115 | D:2      | Noticed Crazy Yiuf
  2535 | D:1      | Reached skill level 1 in Fighting
  2787 | D:2      | HP: 3/35 [gnoll/+1 flail of holy wrath (14)]
  2787 | D:2      | Mangled by a gnoll

Vanquished Creatures
  3 gnolls
  An adder (D:2)
  2 dart slugs (D:2)
  6 ball pythons
  3 endoplasms
  3 giant cockroaches
  5 goblins
  5 hobgoblins
  6 jackals (D:1)
  A kobold (D:2)
  5 quokkas
  A bat (D:1)
  2 frilled lizards (D:1)
  4 rats
47 creatures vanquished.

Vanquished Creatures (others)
  A fungus (D:2)
1 creature vanquished.

Grand Total: 48 creatures vanquished

Table legend: (Time is in decaauts)
 A = Elapsed time spent in this place.
 B = Non-inter-level travel time spent in this place.
 C = Inter-level travel time spent in this place.
 D = Time resting spent in this place.
 E = Time spent auto-exploring this place.
 F = Levels seen in this place.
 G = Mean time per level.
                   A        B        C        D        E       F      G
               +--------+--------+--------+--------+--------+-----+--------+
         Total |   2777 |   2663 |    114 |    550 |   1588 |   2 | 1388.5 |
       Dungeon |   2777 |   2663 |    114 |    550 |   1588 |   2 | 1388.5 |
               +--------+--------+--------+--------+--------+-----+--------+

Top non-repeatable levels by time:
     D:1: 1714 daAuts
     D:2: 1063 daAuts

Table legend:
 A = Non-vault XP
 B = Vault XP
 C = Vault XP percentage of total XP
 D = Non-vault monster count
 E = Vault monster count
 F = Vault count percentage of total count
                 A         B        C        D         E       F
            +---------+---------+-------+---------+---------+-------
      Total |     130 |       6 |   4.4 |      45 |       2 |   4.3
            +---------+---------+-------+---------+---------+-------
        D:1 |      74 |       0 |   0.0 |      27 |       0 |   0.0
        D:2 |      56 |       6 |   9.7 |      18 |       2 |  10.0
            +---------+---------+-------+---------+---------+-------
